[Event "Krakow Championship-A 2022"]
[Site "Krakow"]
[Date "2022.06.25"]
[Round "1.20"]
[White "Turski, Bartlomiej"]
[Black "Danielyan, Vahe"]
[Result "1/2-1/2"]
[ECO "B36"]
[WhiteElo "2192"]
[BlackElo "2324"]
[Annotator "ChessBase"]
[PlyCount "123"]
[EventDate "2022.06.25"]
[EventType "swiss"]
[EventCountry "POL"]
[SourceTitle "playchess.com"]
[Source "ChessBase"]
[SourceQuality "1"]
[TimeControl "40/5400+30:1800+30"]

1. e4 c5 2. Nf3 Nc6 3. d4 cxd4 4. Nxd4 g6 5. c4 Nf6 6. Nc3 Nxd4 7. Qxd4 d6 8. Be2 Bg7 9. Be3 O-O 10. Qd2 a5 11. O-O a4 12. Rad1 Qa5 13. Bd4 Be6 14. f4 Rfc8 15. b3 Kh8 16. Nxa4 Qxd2 17. Rxd2 Nxe4 18. Bxg7+ Kxg7 19. Rd4 Nc5 20. Nb6 Rxa2 21. Nxc8 Bxc8 22. b4 Rxe2 23. bxc5 dxc5 24. Rd5 b6 25. Re5 Rc2 26. Rxe7 Rxc4 27. Rb1 Rxf4 28. Rxb6 c4 29. Rc6 Kf8 30. g3 Rd4 31. Rec7 Be6 32. h4 h5 33. Kf2 Ke8 34. Ke3 Rg4 35. Kf2 Kf8 36. Rd6 Re4 37. Rdc6 Rd4 38. Ke3 Rd3+ 39. Kf2 Rc3 40. Rd6 Bg4 41. Rdc6 Rc2+ 42. Kg1 Be6 43. Rd6 Bh3 44. Rdc6 Rg2+ 45. Kh1 Rxg3 46. Rxc4 Be6 47. Rf4 Kg7 48. Kh2 Rd3 49. Ra7 Bf5 50. Ra6 Rd5 51. Rc6 Bd7 52. Rcc4 Be6 53. Rc7 g5 54. hxg5 Rxg5 55. Rc2 Kg6 56. Rcf2 f5 57. Rg2 Rg4 58. Rfxg4+ hxg4 59. Kg3 Kg5 60. Rf2 Bd5 61. Rf1 Bf3 62. Rxf3 1/2-1/2

[Event "Krakow Championship-A 2022"]
[Site "Krakow"]
[Date "2022.06.25"]
[Round "1.21"]
[White "Lye, Lik Zang"]
[Black "Stevik, Patrik jun."]
[Result "0-1"]
[ECO "A49"]
[WhiteElo "2358"]
[BlackElo "2188"]
[Annotator "TA"]
[PlyCount "121"]
[EventDate "2022.06.25"]
[EventType "swiss"]
[EventCountry "POL"]
[SourceTitle "playchess.com"]
[Source "ChessBase"]
[SourceQuality "1"]
[TimeControl "40/5400+30:1800+30"]

1. d4 Nf6 2. Nf3 g6 3. g3 Bg7 4. Bg2 O-O 5. O-O d5 6. Nbd2 Nc6 7. c4 dxc4 8. Nxc4 Be6 9. b3 Bd5 10. Bb2 e6 {[%emt 0:06:35] D77: Fianchetto Grünfeld: 6 0-0: Replies other than 6...c6.} 11. Rc1 a5 {[%emt 0:02:43][%cal Oa5a4] [#]} 12. Nce5 $146 ({Predecessor:} 12. a3 Re8 13. e3 Bf8 14. Re1 Bg7 15. Qc2 Be4 16. Qe2 Bd5 17. Red1 Qe7 18. Ncd2 Ne4 19. Rc2 Nxd2 20. Nxd2 Bxg2 21. Kxg2 {1-0 (45) Epishin,V (2574)-Mekhitarian,K (2504) Parla 2008}) 12... a4 13. bxa4 Nxe5 14. dxe5 Nd7 15. Bc3 c5 16. Qc2 Qc7 17. Rfd1 Rfc8 18. e4 (18. a3 $11) 18... Bc6 $15 {[%emt 0:01:04][%mdl 1024] Black has compensation.} 19. a5 b5 20. Rd6 (20. a3 $11) 20... Qb7 (20... Nxe5 $2 21. Bxe5 Bxe5 22. Rxc6 Qxc6 23. Nxe5 $16) (20... Bh6 $1 $17 21. Bd2 Bf8) 21. Qd2 (21. a3 $11) 21... b4 $19 22. Ba1 (22. Bxb4 $142 cxb4 23. Rcxc6 Rxc6 24. Rxd7) 22... Rxa5 23. Bf1 Rca8 24. Bc4 Nf8 (24... Nb6 $1 $19 25. Bb3 (25. Rd8+ $2 Bf8 $19) 25... Bxe4) 25. Qf4 $17 h6 (25... Bxe4 26. Nd2 Bd5 27. Nb3 $15) 26. Nd2 Bb5 27. Nb3 Bxc4 28. Nxa5 Rxa5 29. Rxc4 b3 ({Better is} 29... Rxa2 $17 30. Rc1 b3) 30. Qc1 (30. Rd2 $1 $11) 30... Rxa2 31. Bb2 Nd7 32. f4 (32. Rxd7 $17 Qxd7 33. Rxc5) 32... Nb6 $2 (32... Bf8 $19 33. Rd3 Nb8) 33. Rxc5 $15 {[%emt 0:00:19] [#]} Na4 ({Black should play} 33... Rxb2 $1 $15 34. Qxb2 (34. Rd8+ Kh7 $17) 34... Na4 35. Rc8+ (35. Rd8+ $2 Kh7 $19) 35... Qxc8 36. Qxb3 Nc3) 34. Rc8+ $11 Kh7 35. Rc7 $1 Qxe4 36. Rxf7 Nc5 $1 (36... Nxb2 $2 {leads to mate.} 37. Rxg7+ $1 Kxg7 38. Rd7+ Kh8 39. Qc8#) 37. Rd4 (37. Qxc5 Qe1+ 38. Kg2 Rxb2+) 37... Qe2 {[%emt 0:01:37] Chess con chili.} 38. Rd2 Qe3+ 39. Kg2 h5 $2 {[%emt 0:00:36][%mdl 8192] [#]} (39... Ne4 $2 40. Rxg7+ $1 Kxg7 41. Rd7+ Kh8 42. Qc8#) (39... Nd3 $11 {and Black stays safe.} 40. Rxg7+ Kxg7 41. Qc7+ Kh8 42. Qd8+ Kh7 43. Rxd3 Qe2+ 44. Kh3 Qh5+ 45. Kg2 Qe2+ 46. Kh3 Qh5+ 47. Kg2 Qe2+) 40. Rxg7+ $1 $18 Kxg7 {[%emt 0:00:29] [#]} 41. Rd7+ Nxd7 42. Qxe3 Rxb2+ {[%emt 0:00:01][%mdl 4096] Endgame KQ-KRN} 43. Kf3 (43. Kh3 $18 Nf8 44. Qc3) 43... Nf8 (43... Rxh2 $16 {was worth a try.} 44. Qxb3 Kf7) 44. h3 Kg8 45. Qc3 Rb1 46. Qd3 Rb2 47. g4 h4 {[%emt 0:04:32] [#]} 48. Ke4 $1 Kg7 49. f5 $2 (49. Qe3 $18 {is more deadly.}) 49... gxf5+ $16 50. gxf5 exf5+ 51. Kd5 {[%emt 0:00:00] Black must now prevent e6.} ({Much weaker is} 51. Kxf5 Rf2+ 52. Kg4 Rg2+ 53. Kh5 (53. Kxh4 {is a self mate.} Ng6+) 53... b2 $11) 51... Ng6 {[%emt 0:01:00] [#] ( -> ...Nf4+)} 52. Kd6 $1 {[%emt 0:00:00] aiming for e6.} Rg2 {[%emt 0:06:52] ...b2 is the strong threat.} 53. Qxb3 {[%emt 0:00:13] Intending Qb7+ and mate.} Re2 54. Qb7+ Kh6 55. e6 f4 56. Qf7 ({White should try} 56. Qd5 $16) 56... Kg5 $1 $11 {[%emt 0:01:36] The position is equal.} 57. Kd5 Rd2+ 58. Ke4 {[%emt 0:00:36] Hoping for Qf5+.} Re2+ 59. Kd4 Rd2+ 60. Ke4 {[%emt 0:00:29] Threatens to win with Qf5+.} Re2+ 61. Kd4 {[%emt 0:00:38][%mdl 32768] White used his chance.  Weighted Error Value: White=0.31/Black=0.30. Sensor Board Error (Ke4/e5)?} 0-1

[Event "Krakow Championship-A 2022"]
[Site "Krakow"]
[Date "2022.06.25"]
[Round "1.22"]
[White "Easwaralingam, Adesh"]
[Black "Turcan, Richard"]
[Result "0-1"]
[ECO "B76"]
[WhiteElo "2116"]
[BlackElo "2278"]
[Annotator "TA"]
[PlyCount "108"]
[EventDate "2022.06.25"]
[EventType "swiss"]
[EventCountry "POL"]
[SourceTitle "playchess.com"]
[Source "ChessBase"]
[SourceQuality "1"]
[TimeControl "40/5400+30:1800+30"]

1. e4 c5 2. Nf3 d6 3. d4 cxd4 4. Nxd4 Nf6 5. Nc3 g6 6. Be3 Bg7 7. f3 O-O 8. Qd2 Nc6 9. g4 Be6 10. Nxe6 fxe6 11. O-O-O Ne5 12. Be2 {[%emt 0:01:58] Hoping for g5.} Qc8 {[%emt 0:01:36] B76: Sicilian Dragon: Yugoslav Attack, 9 g4 and 9 0-0-0.} 13. Bd4 Nfd7 {[%emt 0:14:20] [#]} (13... Nc6 $1 $11) 14. Qe3 $146 ({White should play} 14. f4 $16) ({Predecessor:} 14. f4 Nc4 15. Bxc4 Qxc4 16. Bxg7 Kxg7 17. h3 Rac8 18. Kb1 b5 19. Rhe1 b4 20. Ne2 {0-1 (79) Sadhwani,R (2339)-Le,T (2485) Chess.com INT 2017}) 14... Nc4 $11 {[%emt 0:11:39] The position is equal.} 15. Bxc4 Qxc4 16. Bxg7 Kxg7 17. h4 Qc5 (17... Ne5 {seems wilder.} 18. h5 Qc5 19. Qxc5 dxc5 20. hxg6 hxg6 21. a3 Rad8) 18. Qxc5 Nxc5 19. e5 dxe5 20. Rhe1 (20. Ne4 $11 Nxe4 21. fxe4) 20... Rxf3 $17 21. Rxe5 Rc8 22. h5 Rf4 23. hxg6 hxg6 24. g5 Rf5 25. Rde1 a5 26. a4 Rcf8 27. R5e3 Rxg5 28. Ne4 Nxe4 29. Rxe4 e5 30. Rxe5 Rxe5 31. Rxe5 {[%emt 0:00:07][%mdl 4096] Endgame KR-KR} Kf6 32. Rxa5 (32. Rd5 $17 {was worth a try.}) 32... Rd8 $1 $19 {[%emt 0:00:36] Strongly threatening ...g5.} 33. Ra7 {[%emt 0:02:22] [#]} b6 (33... g5 $1 $17 {[%cal Rg5g4] ...g4 is the strong threat.} 34. Rxb7 g4) 34. Rb7 Rd6 35. b4 g5 {[%emt 0:00:15] White must now prevent ...g4.} 36. a5 bxa5 37. bxa5 g4 38. Rb6 {[%emt 0:00:47] White threatens Rxd6+ and mate.} Ke5 {[%emt 0:03:11] And now ...Rxb6 would win.} (38... g3 $5 39. Rb3 g2 $11) 39. Rb7 e6 {[%emt 0:02:25] White should prevent ...g3.} 40. Rf7 (40. c4 $1 $11 {keeps the balance.}) 40... Ke4 41. Kb2 $2 {[%emt 0:31:20][%mdl 8192] [#]} ({White should try} 41. Rg7 $15) 41... g3 $2 (41... Ra6 $1 $19 42. Rf6 Ke5) 42. Kb3 $2 ({White has to play} 42. Rg7 $15) 42... g2 43. Rg7 Kf3 44. Kb4 $2 (44. Rf7+ $17 Kg3 45. Rg7+ Kf2 46. Rf7+ Kg3 47. Rg7+ Kf3 48. Rf7+ Ke2 49. Rg7) 44... e5 (44... Rd4+ $142 45. Kc5 Rg4 46. Rxg4 Kxg4 47. Kc6 g1=Q 48. Kd7 e5 49. c4 Qc5 50. a6 e4 51. a7 Qxa7+ 52. Kd6 e3 53. Ke6 e2 54. Kd5 e1=Q 55. c5 Qd2+ 56. Ke6 Qad7+ 57. Kf6 Qg5#) 45. Kc5 Rf6 (45... Rd4 $142 46. c4 Rg4 47. Rxg4 Kxg4 48. Kb6 g1=Q+ 49. c5 Qd4 50. a6 Qb4+ 51. Kc6 Qa5 52. Kd5 Kf5 53. a7 Qxa7 54. Kc4 e4 55. Kd4 Qa6 56. Kd5 e3 57. c6 e2 58. Kd6 e1=Q 59. Kd7 Qe6+ 60. Kc7 Qe7+ 61. Kb8 Qd8#) 46. c4 e4 {[%emt 0:00:39] ( -> ...Rf8)} 47. Kd4 e3 {[%emt 0:00:46] Black mates.} 48. Rxg2 Rd6+ ({And not} 48... Kxg2 49. Kxe3 Rh6 50. Kd4 $11) 49. Ke5 Kxg2 50. Kxd6 e2 51. c5 e1=Q 52. c6 Qd2+ 53. Kc7 Qxa5+ 54. Kb7 Qb5+ {[%emt 0:00:00] Weighted Error Value: White=0.84/Black=0.58} 0-1

[Event "Krakow Championship-A 2022"]
[Site "Krakow"]
[Date "2022.06.26"]
[Round "2.1"]
[White "Turcan, Richard"]
[Black "Pechac, Jergus"]
[Result "0-1"]
[ECO "C60"]
[WhiteElo "2278"]
[BlackElo "2597"]
[Annotator "TA"]
[PlyCount "62"]
[EventDate "2022.06.25"]
[EventType "swiss"]
[EventCountry "POL"]
[SourceTitle "playchess.com"]
[Source "ChessBase"]
[SourceQuality "1"]
[TimeControl "40/5400+30:1800+30"]

1. e4 e5 2. Nf3 Nc6 3. Bb5 Nge7 4. O-O Ng6 5. c3 a6 6. Ba4 {[%emt 0:01:14] C60: Ruy Lopez: Unusual Black 3rd moves and 3...g6.} d5 7. d4 {[%emt 0:08:18] And now exd5 would win.} dxe4 8. Bxc6+ {[%emt 0:00:37] White has an edge.} bxc6 9. Nxe5 {[%emt 0:00:06] [#]} Bd6 $146 ({Predecessor:} 9... Nxe5 10. dxe5 Qxd1 11. Rxd1 Be7 12. Nd2 e3 13. fxe3 Bg4 14. Nf3 Bf5 15. Nd4 Bg4 {½-½ (25) Hayashi,K (1677)-Iglesias,V (1892) ICCF email 2013}) 10. f4 exf3 11. Nxf7 Bxh2+ $1 (11... Kxf7 $2 12. Qxf3+ (12. Rxf3+ Ke8 $17) 12... Qf6 13. Qh5 Qxf1+ 14. Kxf1 $18) 12. Kxh2 Qh4+ 13. Kg1 Bg4 $1 14. Bg5 Qg3 15. Rf2 O-O ({Don't take} 15... Kxf7 16. Nd2 Rhe8 17. Qa4 $14 (17. Nxf3 Kg8 $11)) 16. Nd2 Rae8 $1 (16... Rxf7 $2 17. Ne4 fxg2 18. Qb3 $18) 17. Nf1 {[%emt 0:09:32] [#]} ({White should try} 17. Ne5 $11 Nxe5 18. Ne4 Qxg2+ 19. Rxg2 fxg2 20. Qb3+ Be6 21. Qb7 Nf3+ 22. Kxg2) 17... Qxf2+ $1 $15 18. Kxf2 Re2+ 19. Kg1 {[%emt 0:00:30][%cal Og2f3] gxf3! is the strong threat.} Rxg2+ 20. Kh1 Rxf7 21. Qb3 {[%emt 0:09:15] [#]} Bf5 $1 {[%emt 0:02:57][%cal Bg4f5,Bf5e4,Be4d5,Bd5f7][%mdl 1056] Black has strong compensation. 0x0.002229e852e7dp-1022s more active pieces.} 22. Be3 Be4 $1 {[%emt 0:01:31] Hoping for ...f2. Dancing on a razor blade.} 23. Nd2 $2 (23. Qe6 $17 Bd5 24. Qe8+ Rf8 25. Qd7) 23... Bd5 $19 24. c4 Rf5 25. Qb8+ Nf8 26. Qe8 {[%emt 0:00:19] Prevents Rh5+.} Bf7 $40 {[%emt 0:16:01][%cal Rf5h5][%mdl 128] Black attacks with force.} 27. Nxf3 {[%emt 0:00:40] [#] Threatens to win with Qe4.} Rg6 ({Not} 27... Bxe8 28. Kxg2 Bh5 29. Nd2 $15) (27... Rg3 $1 $19 28. Qxc6 Rh5+ 29. Nh2 Rxe3 30. Qxc7 Re2) 28. Qe4 (28. Nh4 $17 Bxe8 29. Nxf5) 28... Rh5+ 29. Qh4 $2 (29. Nh2 {was the only chance.} Bxc4 30. Qxg6 Nxg6 31. Kg1) 29... Rg3 {[%emt 0:00:17] Black is clearly winning.} 30. Rg1 Rxh4+ 31. Nxh4 Rh3+ {[%emt 0:00:03] Weighted Error Value: White=0.53/Black=0.06 (flawless)} 0-1

[Event "Krakow Championship-A 2022"]
[Site "Krakow"]
[Date "2022.06.26"]
[Round "2.2"]
[White "Agdestein, Simen"]
[Black "Mikrut, Dariusz"]
[Result "1-0"]
[ECO "E98"]
[WhiteElo "2559"]
[BlackElo "2361"]
[Annotator "TA"]
[PlyCount "53"]
[EventDate "2022.06.25"]
[EventType "swiss"]
[EventCountry "POL"]
[SourceTitle "playchess.com"]
[Source "ChessBase"]
[SourceQuality "1"]
[TimeControl "40/5400+30:1800+30"]

1. d4 Nf6 2. c4 g6 3. Nc3 Bg7 4. e4 d6 5. Nf3 O-O 6. Be2 e5 7. O-O Nc6 8. d5 Ne7 9. Ne1 Nd7 10. Nd3 f5 11. f3 {[%emt 0:00:04] seems to push 11.Bd2 aside.} Kh8 12. Be3 c5 {[%emt 0:06:18] E99: King's Indian: Classical Main Line: 9 Ne1 Nd7 10 f3 f5.} 13. Rb1 {[%emt 0:06:33] [#] White is more active.} f4 $146 ({Predecessor:} 13... b6 14. a3 Nf6 15. b4 f4 16. Bf2 g5 17. a4 Ng6 18. a5 Rg8 19. Ra1 Bd7 20. Ra2 {0-1 (53) Maldonado Pacheco,J (2356)-Canibal,J (2313) ICCF email 2018}) 14. Bf2 g5 {[%emt 0:00:23] White is better.} 15. b4 b6 16. Nb5 Rf6 17. Qa4 g4 (17... Rg6 $14) 18. fxg4 $18 {[%emt 0:01:38] Strongly threatening g5.} Rg6 19. h3 (19. Nxa7 $6 Qf8 $16) 19... Ng8 20. Rb3 ({Much less strong is} 20. Nxa7 $6 Bf6 $14) 20... Ndf6 $2 (20... Bf8 $16 {is a better defense.} 21. bxc5 (21. Nxa7 Qc7 $16) 21... Nxc5 22. Nxc5 dxc5) 21. Bf3 $40 {[%emt 0:03:38][%mdl 128] Black is in trouble.} (21. bxc5 $18 bxc5 {[#]} 22. Nxd6 $1 Qxd6 23. Bxc5) 21... a6 $2 (21... Nxg4 $16 22. hxg4 Bxg4) 22. bxc5 {[%emt 0:05:44] White is clearly winning.} bxc5 {[%emt 0:02:19] [#]} 23. Nxd6 $1 Qxd6 24. Bxc5 Qd7 {[%emt 0:02:36] [#]} 25. Nxe5 $1 {[%emt 0:00:46] Hoping for Qxd7.} Qc7 26. Bd4 {[%emt 0:15:33] d6 is the strong threat.} Nh5 27. gxh5 {Black got outplayed after the opening.  Weighted Error Value: White=0.20 (precise) /Black=0.77} 1-0

[Event "Krakow Championship-A 2022"]
[Site "Krakow"]
[Date "2022.06.26"]
[Round "2.3"]
[White "Paszewski, Mateusz"]
[Black "Warakomski, Tomasz"]
[Result "0-1"]
[ECO "A28"]
[WhiteElo "2286"]
[BlackElo "2534"]
[Annotator "TA"]
[PlyCount "85"]
[EventDate "2022.06.25"]
[EventType "swiss"]
[EventCountry "POL"]
[SourceTitle "playchess.com"]
[Source "ChessBase"]
[SourceQuality "1"]
[TimeControl "40/5400+30:1800+30"]

1. c4 e5 2. Nc3 Nc6 3. Nf3 Nf6 4. e4 Bb4 5. d3 d6 6. a3 {[%emt 0:00:06] A28: English Opening: Four Knights Variation.} Bc5 7. b4 Bb6 8. Na4 {[%emt 0:00:39] The position is equal.} Bd4 $1 {[%emt 0:00:04] The main line 8...Bd4 scores better than 8...Bg4.} 9. Nxd4 Nxd4 10. Be2 Be6 {[%emt 0:04:16] [#]} 11. Nc3 $146 ({Predecessor:} 11. O-O O-O 12. Nc3 Nd7 13. Be3 Nxe2+ 14. Qxe2 f5 15. exf5 Bxf5 16. d4 Qe8 17. Rad1 exd4 18. Bxd4 Qxe2 19. Nxe2 {½-½ (32) Ni,H (2662)-Khairullin,I (2649) Khanty-Mansiysk 2011}) 11... c6 12. O-O a5 13. Rb1 axb4 14. axb4 b5 15. cxb5 cxb5 16. Be3 O-O 17. Qd2 (17. Bxd4 $2 exd4 18. Nd5 (18. Nxb5 $2 Qb6 $19) 18... Bxd5 19. exd5 Nxd5 $17) 17... Ra6 18. Bd1 ({Much worse is} 18. Bxd4 exd4 19. Nd1 (19. Nxb5 $2 Qb6 $19) 19... Qb6 $15) 18... d5 19. exd5 (19. f4 {was preferrable.} Nc6 20. fxe5 (20. Nxb5 d4 $11) 20... Nxe4 21. dxe4) 19... Nxd5 $11 20. Bxd4 exd4 21. Nxd5 (21. Nxb5 $2 Qb6 22. Bb3 Qxb5 $19) 21... Bxd5 22. Bb3 Bxb3 23. Rxb3 h5 24. Rbb1 h4 25. h3 Rg6 26. Rbe1 Qc8 27. Kh1 Qc6 $40 {[%emt 0:00:07][%csl Gg6][%cal Rc6g2][%mdl 128] [#] White needs to defend precisely.} 28. f3 Qc3 29. Rf2 Rc8 30. Rfe2 Re6 {[%emt 0:00:49] Inhibits Re8+. aiming for ...Qxd2.} 31. Qxc3 {[%emt 0:02:22] [#]} (31. Qf4 $1 $11 {and White stays safe.}) 31... dxc3 $19 32. Rxe6 (32. Re4) 32... fxe6 $11 {[%emt 0:00:06][%mdl 4096] Endgame KR-KR} 33. Kg1 c2 34. Rc1 Kf7 35. Kf2 Kf6 (35... Ke7 $19 {Strongly threatening ...Kd6.} 36. f4 Kf6) 36. Ke3 $2 (36. f4 $17) 36... Ke5 $19 37. Kd2 Kf4 38. Rxc2 Rxc2+ {[%emt 0:00:07] Black mates.} 39. Kxc2 Kg3 40. Kd2 Kxg2 41. Ke3 Kxh3 42. f4 Kg2 43. Kd4 {Weighted Error Value: White=0.70/Black=0.17 (very precise)} 0-1

[Event "Krakow Championship-A 2022"]
[Site "Krakow"]
[Date "2022.06.26"]
[Round "2.4"]
[White "Leniart, Arkadiusz"]
[Black "Nurkiewicz, Maciej"]
[Result "0-1"]
[ECO "B22"]
[WhiteElo "2473"]
[BlackElo "2332"]
[Annotator "TA"]
[PlyCount "98"]
[EventDate "2022.06.25"]
[EventType "swiss"]
[EventCountry "POL"]
[SourceTitle "playchess.com"]
[Source "ChessBase"]
[SourceQuality "1"]
[TimeControl "40/5400+30:1800+30"]

1. e4 c5 2. c3 d5 3. exd5 Qxd5 4. d4 Nc6 5. Nf3 Bg4 6. dxc5 Qxd1+ 7. Kxd1 e5 {[%emt 0:00:02] B22: Sicilian: 2 c3.} 8. b4 $1 a5 9. b5 Nd8 {[%emt 0:02:14] White is slightly better.} 10. c6 bxc6 11. h3 Bxf3+ 12. gxf3 Bc5 {[%emt 0:06:07] [#]} 13. Ba3 $146 ({Predecessor:} 13. Nd2 Nf6 14. bxc6 Nxc6 15. Bb5 Rc8 16. Nb3 O-O 17. Nxc5 Na7 18. Bd3 Rfd8 19. Kc2 Rxc5 {1-0 (40) Petrov,N (2511)-Iniyan,P (2378) Budapest 2017}) 13... Ne6 14. Bc4 (14. Kc2 $14) 14... cxb5 15. Bxb5+ Ke7 16. Bxc5+ Nxc5 17. Re1 Kf6 18. Nd2 Ne7 19. Kc2 Ng6 20. Nc4 Rhd8 21. Re3 Kf5 ({Don't play} 21... Rab8 22. a4 $11) (21... Ne6 $15) 22. Rb1 (22. Rae1 $5 f6 23. Rg1 $11) 22... f6 23. Bc6 (23. Ree1 $11) 23... Ra6 $15 24. Bb7 (24. Be4+ $15 Kg5 25. h4+ Kh5 26. Bf5) 24... Nxb7 $17 {[%emt 0:05:22] Chess con chili.} 25. Rxb7 Rc6 26. Nd2 Nf4 27. Rxg7 Nd5 {[%emt 0:00:42] Black is more active.} 28. Rxh7 Nb4+ ({Better is} 28... Rg8 $17 {aiming for ...Rg2.} 29. c4 Nxe3+ 30. fxe3 Rg2) 29. Kb3 $11 Rxd2 30. cxb4 axb4 {[%emt 0:00:12][%mdl 4096] Endgame KRR-KRR} 31. Rh5+ $1 Kg6 32. Rh4 Ra6 33. Rxb4 $2 {[%emt 0:00:28] Now White is beyond hope.} (33. Kxb4 $11 Rdxa2 34. f4) 33... Raxa2 $19 34. Rg4+ (34. Rh4 $142) 34... Kf5 35. Rc3 Rxf2 36. Rd3 Ra8 37. Rh4 $2 (37. Rb4) 37... Rg8 $2 (37... Rfa2 {Strongly threatening ...R8a3+.} 38. Rd6 R8a3+ 39. Kc4 Ra4+ 40. Kb3 Rxh4 41. Kxa2 Rxh3) 38. Rh5+ Ke6 39. Rc3 $2 (39. Kc3) 39... Rg3 40. Rc6+ {[%emt 0:00:05] [#]} Kf7 $1 41. h4 Rfxf3+ 42. Kb4 $2 (42. Kb2) 42... Rb3+ {[%emt 0:01:17] Black is clearly winning.} 43. Kc4 Rbc3+ 44. Kb5 Rxc6 45. Kxc6 Rd3 46. Kc5 Rd8 {[%emt 0:01:02] [#] ( -> ...Kg6)} 47. Rf5 Rh8 48. Rf1 Rxh4 49. Rd1 Ke6 {[%emt 0:00:38] Weighted Error Value: White=0.85/Black=0.25 (precise)} (49... Rd4 $142 50. Re1 Ke6) 0-1

[Event "Krakow Championship-A 2022"]
[Site "Krakow"]
[Date "2022.06.26"]
[Round "2.5"]
[White "Klimkowski, Jan"]
[Black "Piekielny, Pawel"]
[Result "0-1"]
[ECO "E10"]
[WhiteElo "2401"]
[BlackElo "2230"]
[Annotator "TA"]
[PlyCount "92"]
[EventDate "2022.06.25"]
[EventType "swiss"]
[EventCountry "POL"]
[SourceTitle "playchess.com"]
[Source "ChessBase"]
[SourceQuality "1"]
[TimeControl "40/5400+30:1800+30"]

1. d4 e6 2. c4 Nf6 3. Nf3 d5 4. Nbd2 c5 5. cxd5 exd5 6. dxc5 {[%emt 0:10:01] D30: Queen's Gambit Declined: Systems without Nc3.} Bxc5 7. Nb3 Bb6 8. e3 {[%emt 0:03:03] The position is equal.} (8. Bf4 {keeps more tension.} Ne4 9. e3 Nc6 10. Bd3) 8... O-O 9. Be2 Nc6 10. O-O Bg4 11. h3 Bh5 {[%emt 0:03:34] [#]} 12. Nbd4 $146 ({Predecessor:} 12. Nfd4 Bxe2 13. Nxe2 Rc8 14. Nbd4 Nxd4 15. Nxd4 Qd7 16. a4 Bc7 17. b3 Rfd8 18. Ba3 {1-0 (92) Taliaferro,M (1874)-Zelnick,D (1250) Bartlesville 2004}) 12... Nxd4 (12... Qe7 {with more complications.} 13. Nf5 Qd7 14. Ng3 Bg6) 13. Nxd4 Bxd4 14. exd4 Bxe2 15. Qxe2 Re8 16. Be3 Qb6 17. Rac1 Rac8 18. Rfd1 Rc6 19. Rc2 Rec8 20. Rc5 Qd8 21. Bg5 Rxc5 (21... h6 {feels hotter.} 22. Bxf6 Rxf6 23. Qc2 Rfc6) 22. dxc5 Rxc5 23. Bxf6 gxf6 $11 {[%emt 0:02:55][%mdl 4096] Endgame KQR-KQR} 24. g3 Qd7 25. b4 Rc6 26. Qe3 Qxh3 ({Black should play} 26... Rc4 $15) 27. Rxd5 Kg7 28. Rd4 Re6 29. Re4 Qf5 (29... b6 {looks sharper.} 30. a3 Rxe4 31. Qxe4 Qd7) 30. Rxe6 fxe6 $15 {[%emt 0:00:22] KQ-KQ} 31. a3 a6 32. Qd4 (32. Qb6 $5 ) 32... Qd5 33. Qc3 h5 34. Qc7+ Kg6 35. Qc2+ Kg5 36. Qc7 Qf3 37. Qh7 (37. Qc5+ $11 {keeps the balance.} e5 38. Qe7) 37... Kg4 $1 $17 (37... Qxa3 $6 38. Qg7+ Kf5 39. Qh7+ Kg5 40. Qg7+ Kf5 41. Qh7+ Kg5 $11) 38. Qb1 b5 39. Qe1 f5 ({Stronger than} 39... Qxa3 40. Qxe6+ Kg5 41. Qg8+ Kf5 42. Qd5+ Kg6 43. Qg8+ Kh6 44. Qh8+ Kg5 45. Qg8+ Kh6 46. Qh8+ Kg5 47. Qg8+ $11) 40. Qa1 ({Don't play} 40. Qxe6 Kh3 41. Kf1 Kh2) (40. Qc1 $17 {keeps fighting.}) 40... e5 $1 $19 41. Qe1 $2 {[%emt 0:31:42] [#]} ({But not} 41. Qxe5 $2 Kh3 42. Kf1 Qd3+ 43. Ke1 Kg2 $19) (41. Qf1) 41... e4 $1 {[%emt 0:30:17] ( -> ...e3)} 42. Kh2 f4 {[%emt 0:00:49] Black mates.} 43. gxf4 Qxf4+ 44. Kg1 {[%emt 0:00:32] [#]} e3 $1 45. Qd1+ Kh4 46. fxe3 Qg4+ {[%emt 0:00:00] Weighted Error Value: White=0.38/Black=0.08 (flawless)} 0-1